[Event "December 19 Late 2023"]
[Site "https://www.chess.com"]
[Date "2023.12.19"]
[Round "9"]
[White "Kostiukov, Alexandr"]
[Black "Vargas, Mauricio"]
[Result "1-0"]
[Board "116"]
[TimeControl "180+1"]
[WhiteFideId "14108100"]
[BlackFideId "4404572"]
[WhiteElo "2112"]
[BlackElo "1982"]
[WhiteTeam "UKR"]
[BlackTeam "COL"]
[WhiteClock "0:00:08"]
[BlackClock "0:00:07"]

1. g3 Nc6 2. Bg2 e5 3. c4 f5 4. Nc3 Nf6 5. e3 Bb4 6. Nd5 Be7 7. Ne2 O-O 8. O-O d6 9. d4 e4 10. Nxe7+ Nxe7 11. d5 Ng6 12. b3 Ne5 13. Nd4 Qe8 14. Bb2 a6 15. Qe2 Nd3 16. Bc3 Qg6 17. f3 Ne5 18. fxe4 Nxe4 19. Bxe4 fxe4 20. Rxf8+ Kxf8 21. Rf1+ Kg8 22. Rf4 Bg4 23. Qc2 Nf3+ 24. Nxf3 Bxf3 25. Qd2 Rf8 26. Rxf8+ Kxf8 27. Qd4 h5 28. c5 h4 29. Be1 Qg4 30. cxd6 cxd6 31. Qc4 Be2 32. Qc7 Qf3 33. Qd8+ Kf7 34. Qd7+ Kg6 35. Qe6+ Kh7 36. Bf2 h3 37. Qxh3+ Kg8 38. Qe6+ Kh7 39. Qh3+ Kg6 40. Qg2 Qg4 41. h3 Qf5 42. g4 Qxd5 43. Kh2 Bf3 44. Qg3 Qd1 45. Qf4 Qf1 46. Qf5+ Kh6 47. Qh5# 1-0

[Event "December 19 Late 2023"]
[Site "https://www.chess.com"]
[Date "2023.12.19"]
[Round "9"]
[White "Alimpic, Aleksa"]
[Black "Igel2023"]
[Result "1-0"]
[Board "117"]
[TimeControl "180+1"]
[WhiteFideId "974323"]
[WhiteElo "2290"]
[BlackElo "2214"]
[WhiteTeam "SRB"]
[WhiteClock "0:00:05"]
[BlackClock "0:00:00"]

1. Nf3 Nf6 2. g3 g6 3. b3 Bg7 4. Bb2 O-O 5. Bg2 d5 6. c4 c5 7. cxd5 Nxd5 8. Bxg7 Kxg7 9. O-O Nc6 10. d4 cxd4 11. Nxd4 e5 12. Nxc6 bxc6 13. Na3 Be6 14. Qc1 Rc8 15. Rd1 Qf6 16. Nc4 Ne7 17. Qc3 Bxc4 18. Qxc4 Rfd8 19. h4 c5 20. e3 Rd6 21. Rxd6 Qxd6 22. Rc1 h5 23. Bb7 Rc7 24. Bf3 Rc8 25. Rd1 Qf6 26. Kg2 Nf5 27. Qd5 Ne7 28. Qd6 Qxd6 29. Rxd6 Rc7 30. Kf1 Nf5 31. Ra6 Kf8 32. Ke2 Ke7 33. Kd3 Nd6 34. Bd5 f6 35. a4 g5 36. e4 gxh4 37. gxh4 Kd7 38. Kc3 Ke7 39. f3 Kd7 40. Kd3 Ke7 41. Bc4 Kd7 42. Bb5+ Ke7 43. Kc3 Ke6 44. Bc6 Ke7 45. Bd5 Kd7 46. Ra5 Ke7 47. Bc4 Kd7 48. Bb5+ Ke7 49. Ra6 Ke6 50. Rc6 Rxc6 51. Bxc6 f5 52. b4 1-0

[Event "December 19 Late 2023"]
[Site "https://www.chess.com"]
[Date "2023.12.19"]
[Round "9"]
[White "Oliveira, Tiago Batista"]
[Black "Guevara Sanchez, Erick Marvin"]
[Result "0-1"]
[Board "119"]
[TimeControl "180+1"]
[WhiteFideId "2108291"]
[BlackFideId "6700136"]
[WhiteElo "1962"]
[BlackElo "2040"]
[WhiteTeam "BRA"]
[BlackTeam "ESA"]
[WhiteClock "0:00:00"]
[BlackClock "0:00:17"]

1. d4 d5 2. c4 e6 3. Nf3 c5 4. cxd5 exd5 5. g3 Nc6 6. Bg2 Nf6 7. O-O Be7 8. dxc5 Bxc5 9. Nc3 O-O 10. Bg5 Be6 11. Bxf6 Qxf6 12. Nxd5 Qxb2 13. Nc7 Rad8 14. Qc1 Qxc1 15. Rfxc1 Ba3 16. Nxe6 fxe6 17. Rd1 Nb4 18. Nd4 Rfe8 19. Rab1 Nxa2 20. Rxb7 Nc3 21. Rd3 Rxd4 22. Rxc3 Ra4 23. Rcc7 Bf8 24. Bh3 Ra1+ 25. Kg2 a5 26. e4 a4 27. Ra7 a3 28. Bg4 Rb1 29. e5 Rb5 30. f4 Rb2+ 31. Kh3 a2 32. Rc6 h6 33. Bxe6+ Kh8 34. Bxa2 Rd8 35. Rcc7 Rdd2 36. Be6 Rxh2+ 37. Kg4 h5+ 38. Kg5 Kh7 0-1

[Event "December 19 Late 2023"]
[Site "https://www.chess.com"]
[Date "2023.12.19"]
[Round "10"]
[White "Maksimovic, Bojan"]
[Black "Niemann, Hans Moke"]
[Result "1-0"]
[Board "1"]
[TimeControl "180+1"]
[WhiteFideId "14408120"]
[BlackFideId "2093596"]
[WhiteElo "2527"]
[BlackElo "2614"]
[WhiteTeam "BIH"]
[BlackTeam "USA"]
[WhiteClock "0:00:04"]
[BlackClock "0:00:00"]

1. a3 d5 2. h3 e5 3. e3 Nf6 4. d4 Bd6 5. dxe5 Bxe5 6. Nf3 Bd6 7. c4 dxc4 8. Bxc4 O-O 9. O-O b6 10. b4 Bb7 11. Bb2 Nbd7 12. Nbd2 Qe7 13. Qc2 a5 14. b5 a4 15. Be2 Nc5 16. Nc4 Be4 17. Qc3 Rfd8 18. Rad1 h6 19. Nxd6 cxd6 20. Nd2 Bg6 21. Nc4 Rab8 22. Qd4 Ne6 23. Qh4 Ng5 24. Qf4 Ne8 25. Rd2 Ne6 26. Qg4 Nc5 27. Rfd1 Ne4 28. Rd4 N8f6 29. Qf4 Ne8 30. Bf3 Ng5 31. Nxd6 Ne6 32. Qe5 f6 33. Qg3 Nxd4 34. Rxd4 Rxd6 35. Qxg6 Rxd4 36. Bxd4 Nd6 37. Bd5+ Kh8 38. Bc6 Qe6 39. h4 Nf5 40. Qg4 Nxd4 41. Qxd4 Qe7 42. Qxa4 Rd8 43. g3 g5 44. Qg4 Kg7 45. h5 Qd6 46. Kg2 Qe5 47. a4 f5 48. Qf3 g4 49. Qe2 Qc3 50. Qa2 Kf6 51. Qb1 Rd6 52. Qa2 Qd2 53. Qg8 1-0

[Event "December 19 Late 2023"]
[Site "https://www.chess.com"]
[Date "2023.12.19"]
[Round "10"]
[White "Nakamura, Hikaru"]
[Black "Bluebaum, Matthias"]
[Result "1-0"]
[Board "2"]
[TimeControl "180+1"]
[WhiteFideId "2016192"]
[BlackFideId "24651516"]
[WhiteElo "2874"]
[BlackElo "2621"]
[WhiteTeam "USA"]
[BlackTeam "GER"]
[WhiteClock "0:00:10"]
[BlackClock "0:00:05"]

1. d4 d5 2. Bg5 h6 3. Bh4 c5 4. dxc5 g5 5. Bg3 Bg7 6. c3 Na6 7. Nf3 Nxc5 8. Nbd2 Nf6 9. e3 O-O 10. Be5 Bf5 11. Nb3 Na4 12. Nbd4 Bd7 13. Qc2 Rc8 14. Bb5 Nb6 15. Bxf6 Bxf6 16. Bxd7 Nxd7 17. Nf5 Bg7 18. Rd1 e6 19. Nxg7 Kxg7 20. e4 Qe7 21. exd5 exd5+ 22. Kf1 Qe4 23. Qd2 Rfe8 24. Nd4 Kg8 25. h4 Qg6 26. hxg5 hxg5 27. g4 Nf6 28. f3 Rc4 29. Qh2 Qh7 30. Qg2 Qg6 31. Nf5 Nxg4 32. fxg4 Rf4+ 33. Kg1 Ree4 34. Rh3 Qb6+ 35. Kh1 Qe6 36. Rg1 Re1 37. Rf3 Re2 38. Qh3 Qe4 39. Rf1 Rxb2 40. Nd4 Rxg4 41. Nf5 Rf4 42. Kg1 Qxf5 43. Qxf5 Rxf5 44. Rxf5 Rxa2 45. Rxg5+ Kf8 46. Rgf5 Ra6 47. Rxf7+ Ke8 48. Rxb7 Rg6+ 49. Kf2 Rf6+ 50. Ke2 Re6+ 51. Kd2 Rc6 52. Rh1 1-0

[Event "December 19 Late 2023"]
[Site "https://www.chess.com"]
[Date "2023.12.19"]
[Round "10"]
[White "Ivic, Velimir"]
[Black "Lazavik, Denis"]
[Result "1-0"]
[Board "3"]
[TimeControl "180+1"]
[WhiteFideId "950122"]
[BlackFideId "13515110"]
[WhiteElo "2542"]
[BlackElo "2556"]
[WhiteTeam "SRB"]
[BlackTeam "BLR"]
[WhiteClock "0:00:40"]
[BlackClock "0:00:16"]

1. e4 c5 2. Nf3 e6 3. c3 d5 4. e5 d4 5. d3 Nc6 6. g3 Nge7 7. Bg2 dxc3 8. bxc3 b6 9. O-O Bb7 10. Na3 Ng6 11. Re1 Be7 12. h4 Qc7 13. Qe2 h6 14. h5 Nf8 15. Nb5 Qd7 16. a4 Na5 17. Bf4 Nh7 18. Nd6+ Bxd6 19. exd6 Nc6 20. d4 cxd4 21. cxd4 O-O 22. Ne5 Nxe5 23. dxe5 Rfc8 24. Qb5 Qxb5 25. axb5 Bxg2 26. Kxg2 Nf8 27. Rec1 Rxc1 28. Rxc1 Nd7 29. Rc7 Rd8 30. Rxa7 Kf8 31. Be3 Ke8 32. f4 Rc8 33. Rc7 Rb8 34. Kf3 Kd8 35. Ke4 Ra8 36. Rc6 Ra4+ 37. Kf3 Ra3 38. Kf2 Ra2+ 39. Kf1 Ra3 40. Ke2 Ra2+ 41. Kf1 Ra3 42. Bxb6+ Nxb6 43. Rxb6 Rxg3 44. Rb8+ Kd7 45. Rb7+ Ke8 46. Re7+ Kf8 47. b6 Rb3 48. b7 g5 49. hxg6 fxg6 50. Rc7 1-0

[Event "December 19 Late 2023"]
[Site "https://www.chess.com"]
[Date "2023.12.19"]
[Round "10"]
[White "Kamsky, Gata"]
[Black "Keymer, Vincent"]
[Result "1/2-1/2"]
[Board "4"]
[TimeControl "180+1"]
[WhiteFideId "2000024"]
[BlackFideId "12940690"]
[WhiteElo "2660"]
[BlackElo "2629"]
[WhiteTeam "USA"]
[BlackTeam "GER"]
[WhiteClock "0:00:08"]
[BlackClock "0:00:05"]

1. d4 Nf6 2. Bf4 c5 3. e3 Qb6 4. Na3 d6 5. Nc4 Qc7 6. c3 g6 7. h3 Bg7 8. Nf3 O-O 9. Be2 Be6 10. Ncd2 Qb6 11. Qc1 Nc6 12. O-O Rac8 13. Bh2 h6 14. Bd3 Rfe8 15. Re1 a6 16. Qb1 cxd4 17. exd4 Bd5 18. Bc4 Rcd8 19. a4 Qc7 20. Bxd5 Nxd5 21. Qa2 e6 22. a5 g5 23. Re2 Nce7 24. Qc4 Qb8 25. Qb3 Ng6 26. Ree1 Ndf4 27. Nc4 e5 28. dxe5 dxe5 29. Ne3 Qc8 30. Qc4 Nd3 31. Qxc8 Rxc8 32. Reb1 e4 33. Nd2 Bf8 34. g4 Bc5 35. Ndc4 Nh4 36. Bg3 Nf3+ 37. Kg2 Rcd8 38. Nf5 Kh7 39. Rd1 Kg6 40. b4 Bf8 41. Ncd6 Bxd6 42. Nxd6 Re7 43. Nxe4 Rxe4 44. Kxf3 Rc4 45. Ra3 Ne5+ 46. Bxe5 Rxd1 47. Bd4 Rd3+ 48. Be3 Rcd4 49. Ke2 Rd7 50. Rb3 h5 51. b5 axb5 52. Rxb5 hxg4 53. Rxg5+ Kf6 54. Rxg4 Ke6 55. Bd4 Rxh3 56. Rg5 f5 57. f3 Rh2+ 58. Ke3 Ra2 59. Kf4 Rxa5 60. Rg6+ Kd5 61. Kxf5 Kc4+ 62. Kg4 Rad5 63. f4 b5 64. Be5 Kd3 65. Rb6 Rf7 66. Kg5 Ke4 67. Rf6 Rg7+ 68. Rg6 Rgd7 69. Rc6 Ra7 70. c4 bxc4 71. Rxc4+ Kf3 72. Rc3+ Ke4 73. Rc4+ Kd3 74. Rc3+ Kd2 75. Rc6 Raa5 76. Kf5 Ke2 77. Ke6 Rac5 78. Rxc5 Rxc5 79. f5 Rc1 80. f6 Rf1 81. f7 Rxf7 82. Kxf7 1/2-1/2

[Event "December 19 Late 2023"]
[Site "https://www.chess.com"]
[Date "2023.12.19"]
[Round "10"]
[White "Tari, Aryan"]
[Black "Caruana, Fabiano"]
[Result "1/2-1/2"]
[Board "5"]
[TimeControl "180+1"]
[WhiteFideId "1510045"]
[BlackFideId "2020009"]
[WhiteElo "2577"]
[BlackElo "2815"]
[WhiteTeam "NOR"]
[BlackTeam "USA"]
[WhiteClock "0:00:08"]
[BlackClock "0:00:08"]

1. e4 c5 2. Nf3 d6 3. Bb5+ Nd7 4. O-O a6 5. Bd3 Ngf6 6. c3 g6 7. Bc2 Bg7 8. d4 O-O 9. Re1 e5 10. dxe5 dxe5 11. c4 Qc7 12. Nc3 Nb6 13. b3 Bg4 14. h3 Rad8 15. Qe2 Bxf3 16. Qxf3 h6 17. Be3 Kh7 18. Rad1 Nc8 19. g4 Ne7 20. g5 hxg5 21. Bxg5 Neg8 22. Nd5 Qc6 23. Rd3 Rd6 24. Red1 Nh5 25. Qg4 Re6 26. Rf3 Ree8 27. a4 Bh6 28. h4 Kg7 29. Kh2 f6 30. Rg1 fxg5 31. hxg5 Bxg5 32. Rxf8 Rxf8 33. Qxg5 Rxf2+ 34. Kh1 Qe6 35. Qxh5 Rxc2 36. Ne3 Rc1 37. Qg5 Rxg1+ 38. Kxg1 Qf6 39. Qg4 Nh6 40. Qd7+ Qf7 41. Qd6 Qf4 42. Qe7+ Nf7 43. Qxc5 Qxe4 44. Nd5 Qg4+ 45. Kf1 Qf5+ 46. Kg1 Ng5 47. Qc7+ Kh6 48. Qxb7 Qg4+ 49. Kf1 Qf3+ 50. Ke1 Ne4 51. Qb6 Kh5 52. Qe3 Qh1+ 53. Ke2 Qg2+ 54. Kd3 Ng5 55. Qe2+ Qxe2+ 56. Kxe2 Ne4 57. b4 Kg4 58. a5 Nd6 59. Kd3 Kf5 60. c5 Nb5 61. c6 Ke6 62. Ne3 g5 63. Ke4 Kd6 64. Nc4+ Kxc6 65. Nxe5+ Kd6 66. Nf7+ Kc6 67. Nxg5 Nd6+ 68. Kd4 Nb7 69. Kc4 Nd6+ 70. Kb3 Nb7 71. Ne4 Nxa5+ 72. bxa5 Kb5 73. Nd6+ Kxa5 74. Kc4 Kb6 75. Kb4 a5+ 76. Ka4 Kc6 77. Kxa5 1/2-1/2

[Event "December 19 Late 2023"]
[Site "https://www.chess.com"]
[Date "2023.12.19"]
[Round "10"]
[White "Sarana, Alexey"]
[Black "Grigoriants, Sergey"]
[Result "1-0"]
[Board "6"]
[TimeControl "180+1"]
[WhiteFideId "24133795"]
[BlackFideId "4130804"]
[WhiteElo "2707"]
[BlackElo "2532"]
[WhiteTeam "SRB"]
[BlackTeam "HUN"]
[WhiteClock "0:00:03"]
[BlackClock "0:00:00"]

1. d4 d5 2. c4 c6 3. Nc3 Nf6 4. e3 e6 5. Nf3 Nbd7 6. Qc2 Bd6 7. Be2 O-O 8. O-O dxc4 9. Bxc4 e5 10. a3 h6 11. h3 Re8 12. Ba2 Bb8 13. Rd1 Qc7 14. Qg6 Nf8 15. Qg3 exd4 16. Qxc7 Bxc7 17. Nxd4 Bd7 18. b4 Rad8 19. Bb2 Bc8 20. Na4 Ne4 21. f3 Ng3 22. Kf2 Nf5 23. Nxf5 Bxf5 24. Nc5 Bc8 25. Rac1 Rxd1 26. Rxd1 Rd8 27. Bd4 b6 28. Nd3 Ba6 29. Bb3 Ne6 30. Ne5 Nxd4 31. Nxf7 Nxb3 32. Nxd8 c5 33. Ne6 Be5 34. f4 Bb2 35. Rd7 Bc4 36. Nc7 Bxa3 37. b5 Bb2 38. Rd8+ 1-0

[Event "December 19 Late 2023"]
[Site "https://www.chess.com"]
[Date "2023.12.19"]
[Round "10"]
[White "Rasulov, Vugar"]
[Black "Bortnyk, Mykola"]
[Result "1-0"]
[Board "7"]
[TimeControl "180+1"]
[WhiteFideId "13402390"]
[BlackFideId "14120836"]
[WhiteElo "2517"]
[BlackElo "2592"]
[WhiteTeam "AZE"]
[BlackTeam "UKR"]
[WhiteClock "0:00:14"]
[BlackClock "0:00:00"]

1. d4 Nf6 2. c4 e6 3. Nf3 d5 4. Nc3 Bb4 5. Bg5 Nbd7 6. e3 c5 7. cxd5 exd5 8. Bd3 h6 9. Bh4 cxd4 10. Nxd4 O-O 11. O-O Bxc3 12. bxc3 Ne5 13. Rb1 b6 14. Be2 Bb7 15. Nf5 Ng6 16. Bg3 Ne4 17. Qd4 Qf6 18. Qxf6 gxf6 19. Rfc1 Rac8 20. c4 dxc4 21. Rxc4 Nc3 22. Rxc3 Rxc3 23. h4 Be4 24. Nxh6+ Kh7 25. Rb4 Rc1+ 26. Kh2 Bxg2 27. Ng4 Bc6 28. Nxf6+ Kg7 29. Nh5+ Kh6 30. e4 f5 31. Bd6 Rd8 32. Ng3 Bxe4 33. Rd4 Re8 34. h5 Rh8 35. f3 Bb1 36. hxg6 Kxg6+ 37. Kg2 Rc2 38. Be5 Re8 39. f4 Bxa2 40. Kf1 Rc1+ 41. Kf2 Rc2 42. Ke3 Rec8 43. Bh5+ Kh7 44. Rd7+ Kg8 45. Nxf5 R8c3+ 46. Bxc3 Rxc3+ 47. Kd4 Rc4+ 48. Ke5 Rc5+ 49. Kf6 Rc6+ 50. Kg5 1-0

[Event "December 19 Late 2023"]
[Site "https://www.chess.com"]
[Date "2023.12.19"]
[Round "10"]
[White "Esipenko, Andrey"]
[Black "Mikaelyan, Arman"]
[Result "1-0"]
[Board "8"]
[TimeControl "180+1"]
[WhiteFideId "24175439"]
[BlackFideId "13304852"]
[WhiteElo "2615"]
[BlackElo "2445"]
[WhiteTeam "FID"]
[BlackTeam "ARM"]
[WhiteClock "0:00:17"]
[BlackClock "0:00:00"]

1. e4 e5 2. Nf3 Nc6 3. Bc4 Nf6 4. d3 Bc5 5. Nc3 a6 6. Nd5 h6 7. O-O d6 8. Be3 Bg4 9. Bxc5 dxc5 10. Ne3 Bh5 11. h3 Qd7 12. g4 Bg6 13. Bd5 Nxd5 14. exd5 Ne7 15. Nxe5 Qd6 16. f4 O-O-O 17. N5c4 Qf6 18. f5 Bh7 19. Qf3 h5 20. Rae1 hxg4 21. hxg4 Bg8 22. Qg3 g5 23. fxg6 Qxg6 24. Nf5 Nxf5 25. Rxf5 f6 26. Re7 Rd7 27. Rxd7 Kxd7 28. Qf4 Qh7 29. Rh5 Qg7 30. Rxh8 Qxh8 31. Ne3 Qh3 32. b3 Bf7 33. Kf2 Bg6 34. Qxf6 Qh2+ 35. Ng2 Qh6 36. Kg3 Qh7 37. Nf4 Bf7 38. g5 Qg8 39. c4 c6 40. dxc6+ bxc6 41. g6 Be8 42. Kh4 Kc7 43. Kg5 Kb6 44. Qe7 Qh8 45. Nh5 1-0

[Event "December 19 Late 2023"]
[Site "https://www.chess.com"]
[Date "2023.12.19"]
[Round "10"]
[White "Makarian, Rudik"]
[Black "Martinez Ramirez, Lennis"]
[Result "1-0"]
[Board "9"]
[TimeControl "180+1"]
[WhiteFideId "44105681"]
[BlackFideId "3509079"]
[WhiteElo "2540"]
[BlackElo "2405"]
[WhiteTeam "FID"]
[BlackTeam "CUB"]
[WhiteClock "0:00:17"]
[BlackClock "0:00:00"]

1. d4 Nf6 2. c4 e6 3. Nf3 b6 4. g3 Ba6 5. b3 Bb4+ 6. Bd2 Be7 7. Bg2 d5 8. O-O O-O 9. Qc2 Nbd7 10. Rd1 Rc8 11. Bf4 c5 12. dxc5 Bxc5 13. e3 h6 14. Nc3 g5 15. Nxg5 hxg5 16. Bxg5 Be7 17. cxd5 Nxd5 18. Bxe7 Nxe7 19. Qb2 Rc7 20. Ne4 Nd5 21. h4 Qe7 22. Ng5 N7f6 23. Rd2 Rfc8 24. Bf3 Nb4 25. Rad1 Rc2 26. Qe5 Rxd2 27. Rxd2 Nd3 28. Qd4 Rd8 29. Qc3 Nc5 30. Kg2 Rxd2 31. Qxd2 Qd7 32. Qc3 Qd8 33. b4 Ncd7 34. a4 Qc8 35. Qd4 Bb7 36. e4 Bc6 37. e5 Bxf3+ 38. Nxf3 Nd5 39. Qg4+ Kf8 40. Qh5 Qe8 41. Qh6+ Ke7 42. Qg5+ f6 43. exf6+ N7xf6 44. b5 Qg8 45. Qc1 Qg4 46. Qa3+ Kf7 47. Ne5+ Kg7 48. Nxg4 Nxg4 49. Qd6 Kf6 50. Qd8+ Kf5 51. Qa8 Ngf6 52. Qxa7 Ne4 53. a5 1-0

[Event "December 19 Late 2023"]
[Site "https://www.chess.com"]
[Date "2023.12.19"]
[Round "10"]
[White "Popov, Konstantin"]
[Black "Sjugirov, Sanan"]
[Result "0-1"]
[Board "10"]
[TimeControl "180+1"]
[WhiteFideId "34137910"]
[BlackFideId "4189302"]
[WhiteElo "2340"]
[BlackElo "2569"]
[WhiteTeam "FID"]
[BlackTeam "HUN"]
[WhiteClock "0:00:03"]
[BlackClock "0:00:24"]

1. e4 c5 2. Nf3 d6 3. d4 cxd4 4. Nxd4 Nf6 5. Nc3 a6 6. Bg5 e6 7. f4 Qb6 8. Qd2 Nc6 9. Nb3 Ng4 10. h3 Qe3+ 11. Qxe3 Nxe3 12. Kd2 Nxf1+ 13. Rhxf1 b5 14. a3 Bb7 15. Rad1 Be7 16. Bxe7 Kxe7 17. Ke3 Rhd8 18. Rd2 Rac8 19. Rfd1 b4 20. axb4 Nxb4 21. Rc1 Rc7 22. Ne2 g6 23. c3 Nc6 24. Ned4 Rb8 25. Ra1 Nd8 26. Na5 Bc8 27. e5 dxe5 28. fxe5 Bd7 29. Nab3 Nc6 30. Nxc6+ Bxc6 31. Nd4 Bb7 32. Ra3 Rc5 33. Nf3 a5 34. b4 axb4 35. cxb4 Rb5 36. Ra7 Ke8 37. Kf4 h6 38. Nd4 Rxb4 39. Ke3 Rc8 40. g3 Rc3+ 41. Rd3 Rc5 42. Nf3 Bxf3 43. Kxf3 Rxe5 44. g4 g5 45. Rdd7 Rf4+ 46. Kg3 Kf8 0-1

[Event "December 19 Late 2023"]
[Site "https://www.chess.com"]
[Date "2023.12.19"]
[Round "10"]
[White "Duda, Jan-Krzysztof"]
[Black "Ang, Ern Jie Anderson"]
[Result "1-0"]
[Board "11"]
[TimeControl "180+1"]
[WhiteFideId "1170546"]
[BlackFideId "5736200"]
[WhiteElo "2775"]
[BlackElo "1941"]
[WhiteTeam "POL"]
[BlackTeam "MAS"]
[WhiteClock "0:02:15"]
[BlackClock "0:00:58"]

1. b4 Nf6 2. Bb2 e6 3. a3 Be7 4. e4 O-O 5. e5 Ne8 6. d4 d6 7. Nd2 dxe5 8. dxe5 a5 9. b5 b6 10. Qf3 Ra7 11. Bd3 Bb7 12. Qh3 g6 13. Ngf3 Nd7 14. Ne4 Nc5 15. Rd1 Nxd3+ 16. Rxd3 Qa8 17. Nf6+ Bxf6 18. exf6 Be4 19. Qh6 Bxd3 20. Ng5 Nxf6 21. Bxf6 1-0

[Event "December 19 Late 2023"]
[Site "https://www.chess.com"]
[Date "2023.12.19"]
[Round "10"]
[White "Postny, Evgeny"]
[Black "Paravyan, David"]
[Result "0-1"]
[Board "12"]
[TimeControl "180+1"]
[WhiteFideId "2804344"]
[BlackFideId "4194985"]
[WhiteElo "2505"]
[BlackElo "2566"]
[WhiteTeam "ISR"]
[BlackTeam "FID"]
[WhiteClock "0:00:02"]
[BlackClock "0:00:10"]

1. e4 e5 2. Nf3 Nf6 3. Nxe5 d6 4. Nf3 Nxe4 5. Nc3 Nxc3 6. dxc3 Be7 7. Bf4 O-O 8. Qd2 Nd7 9. O-O-O Re8 10. h4 Nc5 11. h5 h6 12. Be3 Ne4 13. Qd3 Bf5 14. Qd5 Bh7 15. Bc4 Kh8 16. Qxb7 Rb8 17. Qxa7 Bf6 18. Nd4 Qd7 19. Bd5 Rb6 20. Nb3 Rb5 21. Qa4 c6 22. c4 Qf5 23. Rd3 Nxf2 24. Bxf2 Qxf2 25. Rd2 Re1+ 26. Rxe1 Qxe1+ 27. Rd1 Bg5+ 0-1

[Event "December 19 Late 2023"]
[Site "https://www.chess.com"]
[Date "2023.12.19"]
[Round "10"]
[White "Poormosavi, Seyed Kian"]
[Black "Bortnyk, Olexandr"]
[Result "0-1"]
[Board "13"]
[TimeControl "180+1"]
[WhiteFideId "12585807"]
[BlackFideId "14120828"]
[WhiteElo "2296"]
[BlackElo "2731"]
[WhiteTeam "IRI"]
[BlackTeam "UKR"]
[WhiteClock "0:00:07"]
[BlackClock "0:00:13"]

1. Nf3 Nf6 2. g3 g6 3. Bg2 Bg7 4. O-O d6 5. c4 Bd7 6. Nc3 Qc8 7. h4 Bh3 8. d4 h6 9. e4 Nc6 10. d5 Nd8 11. e5 dxe5 12. Nxe5 g5 13. Nf3 c6 14. Re1 cxd5 15. cxd5 Bxg2 16. Kxg2 g4 17. Nd4 Qd7 18. Qb3 O-O 19. Bf4 Rc8 20. Rad1 Rc5 21. Qa3 b6 22. Nb3 Rxc3 23. bxc3 Nxd5 24. Kg1 Qb7 25. Be5 Ne6 26. c4 Nc3 27. Bxg7 Nxd1 28. Bxf8 Qf3 29. Rf1 Nf4 30. gxf4 g3 31. Qxe7 Nxf2 32. Qd7 Qh1# 0-1

[Event "December 19 Late 2023"]
[Site "https://www.chess.com"]
[Date "2023.12.19"]
[Round "10"]
[White "Deac, Bogdan-Daniel"]
[Black "Dyachuk, Artem"]
[Result "1-0"]
[Board "14"]
[TimeControl "180+1"]
[WhiteFideId "1226380"]
[BlackFideId "34107924"]
[WhiteElo "2641"]
[BlackElo "2244"]
[WhiteTeam "ROU"]
[BlackTeam "UKR"]
[WhiteClock "0:00:18"]
[BlackClock "0:00:01"]

1. b3 e5 2. Bb2 Nc6 3. Nf3 e4 4. Nd4 Nf6 5. e3 d5 6. c4 Ne5 7. cxd5 Qxd5 8. Nc3 Qd8 9. Qb1 c5 10. Ndb5 Bf5 11. Na3 a6 12. Nc4 Nxc4 13. bxc4 Bd6 14. f4 h5 15. Be2 h4 16. h3 Qe7 17. a4 O-O-O 18. Qc2 Bg6 19. Rf1 Qd7 20. a5 Kb8 21. Na4 Nh5 22. Nb6 Qe6 23. Rb1 Bxf4 24. Rxf4 Nxf4 25. exf4 e3 26. d3 f6 27. Nd5 Bf5 28. Bf3 Rhg8 29. Qe2 Rge8 30. Bc3 g5 31. Qb2 Rd7 32. Nxf6 Ree7 33. Nxd7+ Rxd7 34. Be5+ Kc8 35. Bd5 Kd8 36. Bxe6 1-0

[Event "December 19 Late 2023"]
[Site "https://www.chess.com"]
[Date "2023.12.19"]
[Round "10"]
[White "Szpar, Milosz"]
[Black "Adla, Diego"]
[Result "1-0"]
[Board "15"]
[TimeControl "180+1"]
[WhiteFideId "1184989"]
[BlackFideId "100072"]
[WhiteElo "2446"]
[BlackElo "2377"]
[WhiteTeam "POL"]
[BlackTeam "ARG"]
[WhiteClock "0:00:50"]
[BlackClock "0:01:43"]

1. e4 e5 2. Nf3 Nc6 3. Bb5 Bc5 4. O-O Qf6 5. Nc3 Nge7 6. Nd5 Qd6 7. Bc4 O-O 8. c3 h6 9. d4 Bb6 10. dxe5 Nxe5 11. Bf4 N7g6 12. Nxe5 Nxe5 13. Qh5 Re8 14. Nxb6 axb6 15. Bxf7+ 1-0

[Event "December 19 Late 2023"]
[Site "https://www.chess.com"]
[Date "2023.12.19"]
[Round "10"]
[White "Pulpan, Jakub"]
[Black "Beerdsen, Thomas"]
[Result "1-0"]
[Board "16"]
[TimeControl "180+1"]
[WhiteFideId "302759"]
[BlackFideId "1030108"]
[WhiteElo "2501"]
[BlackElo "2550"]
[WhiteTeam "CZE"]
[BlackTeam "NED"]
[WhiteClock "0:00:20"]
[BlackClock "0:01:03"]

1. Nf3 g5 2. Nxg5 e5 3. d3 h6 4. Nf3 Nc6 5. c4 Nf6 6. Nc3 d5 7. cxd5 Nxd5 8. g3 Nb6 9. Bg2 Be6 10. Be3 Qd7 11. O-O O-O-O 12. Ne4 Kb8 13. Nc5 Bxc5 14. Bxc5 Bh3 15. Rc1 h5 16. Bxb6 axb6 17. Qa4 h4 18. Rxc6 Bxg2 19. Kxg2 hxg3 20. fxg3 bxc6 21. Rc1 Rh6 22. Kf2 Re8 23. Qe4 Qe6 24. Qc4 Qd6 25. Kg2 f5 26. Nh4 Reh8 27. h3 Rh5 28. Rc3 Rxh4 29. gxh4 Qg6+ 30. Kf2 f4 31. Ke1 Rxh4 32. Qxc6 Qg1+ 33. Kd2 Qe3+ 34. Kd1 Qg1+ 35. Kc2 Rh7 36. Qe8+ Kb7 37. Qxe5 Qg2 38. Qe4+ Qxe4 39. dxe4 Re7 40. h4 c5 41. h5 Rxe4 42. Kd2 Re6 43. Rh3 Rh6 44. Kd3 Rxh5 45. Rxh5 1-0

[Event "December 19 Late 2023"]
[Site "https://www.chess.com"]
[Date "2023.12.19"]
[Round "10"]
[White "FontVella8"]
[Black "mightysmasher"]
[Result "0-1"]
[Board "17"]
[TimeControl "180+1"]
[WhiteElo "2816"]
[BlackElo "2574"]
[WhiteClock "0:00:00"]
[BlackClock "0:01:13"]

1. e4 e6 2. d4 d5 3. Nc3 dxe4 4. Nxe4 Nd7 5. Nf3 Ngf6 6. Ng3 c5 7. c3 cxd4 8. Nxd4 Bc5 9. Be2 O-O 10. O-O b6 11. Bf3 Bxd4 12. Bxa8 Ba6 13. Re1 Bxf2+ 14. Kxf2 Qxa8 15. Bg5 Bb7 16. Qe2 Bxg2 17. Rg1 Ne4+ 18. Nxe4 Bxe4 19. Rae1 Nc5 20. Be7 Nd3+ 21. Kf1 Nxe1 22. Kxe1 Re8 23. Bf6 Bg6 24. Be5 Qd5 25. c4 Qc5 26. Rg5 Qa5+ 27. Kf1 Qxa2 28. Bc3 Qb1+ 29. Kf2 h6 30. Rg1 Qf5+ 31. Ke1 Rd8 32. h4 h5 33. Rg5 Qh3 34. Qe5 Qh1+ 35. Kf2 Qxh4+ 36. Rg3 Qh2+ 37. Ke1 h4 0-1

[Event "December 19 Late 2023"]
[Site "https://www.chess.com"]
[Date "2023.12.19"]
[Round "10"]
[White "Khismatullin, Denis"]
[Black "Gubajdullin, Alexei"]
[Result "1-0"]
[Board "18"]
[TimeControl "180+1"]
[WhiteFideId "4142578"]
[BlackFideId "4141202"]
[WhiteElo "2552"]
[BlackElo "2274"]
[WhiteTeam "RUS"]
[BlackTeam "RUS"]
[WhiteClock "0:01:42"]
[BlackClock "0:00:01"]

1. e4 e5 2. Nf3 Nf6 3. Nxe5 d6 4. Nf3 Nxe4 5. d3 Nf6 6. d4 d5 7. Bd3 Bd6 8. O-O O-O 9. Bg5 Nbd7 10. Re1 Re8 11. Rxe8+ Qxe8 12. Nc3 c6 13. Qd2 Ne4 14. Bxe4 dxe4 15. Re1 f5 16. Bf4 Bf8 17. Ne5 Nxe5 18. Bxe5 Qf7 19. b3 Be6 20. Ne2 Rd8 21. Nf4 Bc8 22. h4 b6 23. c4 Qe7 24. Qc3 Qxh4 25. d5 c5 26. Re3 g6 27. Rh3 Qg4 28. Rg3 Qd1+ 29. Kh2 Kf7 30. Bh8 Ke8 31. Qe5+ Kd7 32. Qe6+ Kc7 33. Qc6+ 1-0

[Event "December 19 Late 2023"]
[Site "https://www.chess.com"]
[Date "2023.12.19"]
[Round "10"]
[White "Bjelobrk, Igor"]
[Black "Sanal, Vahap"]
[Result "1-0"]
[Board "19"]
[TimeControl "180+1"]
[WhiteFideId "4300726"]
[BlackFideId "6300545"]
[WhiteElo "2319"]
[BlackElo "2637"]
[WhiteTeam "AUS"]
[BlackTeam "TUR"]
[WhiteClock "0:00:21"]
[BlackClock "0:01:48"]

1. d4 e5 2. dxe5 d6 3. Nf3 Nc6 4. e4 Bg4 5. Be2 dxe5 6. Qxd8+ Rxd8 7. c3 Nf6 8. Bg5 Be7 9. Nbd2 h6 10. Bh4 g5 11. Bg3 Nd7 12. b4 f6 13. Nc4 Be6 14. Nfd2 Nb6 15. a4 Kf7 16. f3 Nc8 17. Bf2 b6 18. O-O Nd6 19. Rfd1 h5 20. Ne3 a5 21. b5 Nb8 22. Nd5 Bxd5 23. exd5 Nb7 24. Bd3 Bc5 25. Nc4 Bxf2+ 26. Kxf2 Nc5 27. Bf5 Nb7 28. Ne3 Nd6 29. Be6+ Ke7 30. c4 Nd7 31. Bxd7 Kxd7 32. Rac1 Nb7 33. Nf5 Nc5 34. Ra1 g4 35. Ke3 Rhg8 36. g3 gxf3 37. Kxf3 Rg4 38. Ne3 Rf4+ 39. gxf4 1-0